2977 views
Uploaded 2020-03-25 17:30:06
Game version 1.32.3
10:48 long 2on2 ladder game on (4)TurtleRock
Saved by Lakuza
2977 views
Uploaded 2020-03-25 17:30:06
Game version 1.32.3
10:48 long 2on2 ladder game on (4)TurtleRock


/ 0.5k
22 buildings @ 3.7k
/ 1.4k


| Wisp | 9 | 540 | / | 0 |
| Huntress | 7 | 1365 | / | 140 |
| Glaive Thrower | 2 | 420 | / | 130 |
| total: | 18 | 2325g | / | 270w |
| Altar of Elders | 1 | 180 | / | 50 |
| Moon Well | 5 | 900 | / | 200 |
| Hunter's Hall | 1 | 210 | / | 100 |
| Ancient of War | 2 | 300 | / | 120 |
| Ancient of Lore | 2 | 310 | / | 290 |
| Tree of Ages | 1 | 320 | / | 180 |
| total: | 11 | 1900g | / | 760w |
| 0:03 | Wisp |
| 0:03 | Wisp |
| 0:04 | Altar of Elders |
| 0:17 | Moon Well |
| 0:20 | Wisp |
| 0:23 | Wisp |
| 0:23 | Wisp |
| 0:41 | Wisp |
| 1:22 | Wisp |
| 1:33 | Wisp |
| 1:38 | Hunter's Hall |
| 1:40 | Ancient of War |
| 1:54 | Moon Well |
| 1:55 | Wisp |
| 2:15 | Ancient of War |
| 2:35 | Entangling Roots |
| 2:53 | Huntress |
| 3:03 | Moon Well |
| 3:24 | Huntress |
| 3:45 | Huntress |
| 3:50 | Strength of the Moon |
| 3:56 | Huntress |
| 4:46 | Huntress |
| 5:21 | Huntress |
| 5:40 | Tree of Ages |
| 6:03 | Improved Strength of the Moon |
| 6:43 | Force of Nature |
| 7:04 | Moon Well |
| 7:40 | Huntress |
| 7:53 | Glaive Thrower |
| 8:31 | Acid Bomb |
| 8:57 | Glaive Thrower |
| 9:00 | Entangling Roots |
| 9:03 | Moon Well |
| 9:09 | Vorpal Blades |
| 9:31 | Ancient of Lore |
| 9:32 | Ultravision |
| 10:10 | Ancient of Lore |
| 10:11 | Strength of the Wild |
| Right click | 754 |
| Select | 316 |
| Select group | 152 |
| Misc. action | 151 |
| Build/train/purchase | 44 |
| Assign group | 25 |
| Use ability | 15 |
| Remove unit | 3 |
| Minimap ping | 1 |


| Wisp | 12 | 720 | / | 0 |
| Huntress | 9 | 1755 | / | 180 |
| total: | 21 | 2475g | / | 180w |
| Altar of Elders | 1 | 180 | / | 50 |
| Moon Well | 5 | 900 | / | 200 |
| Hunter's Hall | 1 | 210 | / | 100 |
| Ancient of War | 2 | 300 | / | 120 |
| Ancient of Wonders | 1 | 90 | / | 30 |
| Ancient of Wind | 1 | 150 | / | 140 |
| Tree of Ages | 1 | 320 | / | 180 |
| Tree of Eternity | 1 | 330 | / | 200 |
| total: | 11 | 1830g | / | 640w |
| 0:02 | Altar of Elders |
| 0:04 | Wisp |
| 0:04 | Wisp |
| 0:12 | Wisp |
| 0:17 | Moon Well |
| 0:18 | Wisp |
| 0:25 | Wisp |
| 0:36 | Wisp |
| 1:15 | Wisp |
| 1:19 | Wisp |
| 1:34 | Hunter's Hall |
| 1:36 | Ancient of War |
| 1:39 | Wisp |
| 1:52 | Moon Well |
| 2:01 | Wisp |
| 2:15 | Ancient of War |
| 2:32 | Wisp |
| 2:37 | Trueshot Aura |
| 2:43 | Huntress |
| 3:12 | Huntress |
| 3:26 | Moon Well |
| 4:08 | Huntress |
| 5:02 | Searing Arrows |
| 5:06 | Huntress |
| 5:08 | Tree of Ages |
| 5:32 | Huntress |
| 5:39 | Strength of the Moon |
| 5:54 | Huntress |
| 6:00 | Moon Well |
| 6:02 | Ancient of Wonders |
| 6:59 | Huntress |
| 7:20 | Huntress |
| 7:29 | Trueshot Aura |
| 8:23 | Huntress |
| 9:03 | Moon Glaive |
| 9:05 | Wisp |
| 9:12 | Healing Spray |
| 9:37 | Tree of Eternity |
| 10:01 | Ancient of Wind |
| 10:05 | Moon Well |
| 10:35 | Searing Arrows |
| Right click | 512 |
| Select group | 328 |
| Select | 116 |
| Build/train/purchase | 41 |
| Misc. action | 32 |
| Assign group | 20 |
| Use ability | 4 |
| Esc | 2 |
| Minimap ping | 2 |
44 units @ 6.1k
/ 0.6k
29 buildings @ 3.4k
/ 1.1k


| Acolyte | 3 | 225 | / | 0 |
| Ghoul | 3 | 360 | / | 0 |
| Crypt Fiend | 11 | 2365 | / | 440 |
| Gargoyle | 1 | 175 | / | 30 |
| Obsidian Statue | 1 | 200 | / | 35 |
| total: | 19 | 3325g | / | 505w |
| Ziggurat | 4 | 600 | / | 200 |
| Altar of Darkness | 1 | 180 | / | 50 |
| Crypt | 2 | 400 | / | 100 |
| Graveyard | 1 | 215 | / | 0 |
| Tomb of Relics | 1 | 130 | / | 30 |
| Slaughterhouse | 1 | 140 | / | 135 |
| Halls of the Dead | 1 | 320 | / | 210 |
| total: | 10 | 1665g | / | 515w |
| 0:03 | Acolyte |
| 0:03 | Acolyte |
| 0:24 | Ziggurat |
| 0:25 | Altar of Darkness |
| 0:36 | Crypt |
| 0:57 | Graveyard |
| 1:17 | Ziggurat |
| 1:37 | Ghoul |
| 1:55 | Ghoul |
| 2:04 | Ghoul |
| 2:27 | Death Coil |
| 2:32 | Crypt Fiend |
| 3:13 | Acolyte |
| 3:14 | Crypt Fiend |
| 3:37 | Halls of the Dead |
| 3:41 | Crypt Fiend |
| 3:58 | Ziggurat |
| 4:19 | Crypt Fiend |
| 4:36 | Unholy Aura |
| 4:53 | Crypt Fiend |
| 5:12 | Tomb of Relics |
| 5:15 | Ziggurat |
| 5:53 | Crypt Fiend |
| 6:23 | Crypt Fiend |
| 7:00 | Frost Nova |
| 7:04 | Crypt Fiend |
| 8:10 | Crypt Fiend |
| 8:40 | Slaughterhouse |
| 8:45 | Crypt Fiend |
| 9:13 | Crypt Fiend |
| 9:42 | Crypt |
| 10:04 | Gargoyle |
| 10:12 | Obsidian Statue |
| Right click | 364 |
| Select | 212 |
| Select group | 47 |
| Build/train/purchase | 25 |
| Assign group | 16 |
| Use ability | 10 |
| Minimap ping | 5 |
| Misc. action | 3 |
| Esc | 2 |
| Remove unit | 1 |

| Scroll of Regeneration | 1 | 100 |
| Lesser Clarity Potion | 1 | 70 |
| total: | 2 | 170g |
| Peasant | 14 | 1050 | / | 0 |
| Footman | 7 | 945 | / | 0 |
| Rifleman | 4 | 820 | / | 120 |
| total: | 25 | 2815g | / | 120w |
| Scout Tower | 5 | 150 | / | 100 |
| Arcane Tower | 1 | 70 | / | 50 |
| Guard Tower | 3 | 210 | / | 150 |
| Altar of Kings | 2 | 360 | / | 100 |
| Barracks | 2 | 320 | / | 120 |
| Farm | 7 | 560 | / | 140 |
| Lumber Mill | 1 | 120 | / | 0 |
| Arcane Vault | 1 | 130 | / | 30 |
| Blacksmith | 1 | 140 | / | 60 |
| Keep | 1 | 320 | / | 210 |
| total: | 19 | 1780g | / | 550w |
| 0:02 | Peasant |
| 0:02 | Peasant |
| 0:05 | Altar of Kings |
| 0:07 | Barracks |
| 0:09 | Barracks |
| 0:19 | Farm |
| 0:32 | Peasant |
| 0:42 | Peasant |
| 0:55 | Farm |
| 1:00 | Peasant |
| 1:11 | Footman |
| 1:22 | Peasant |
| 1:32 | Footman |
| 1:34 | Scout Tower |
| 1:51 | Footman |
| 1:53 | Peasant |
| 2:00 | Arcane Tower |
| 2:13 | Summon Water Elemental |
| 2:22 | Peasant |
| 2:24 | Farm |
| 2:26 | Farm |
| 2:53 | Peasant |
| 3:01 | Footman |
| 3:02 | Peasant |
| 3:02 | Peasant |
| 3:25 | Footman |
| 3:26 | Peasant |
| 4:06 | Keep |
| 4:07 | Footman |
| 4:50 | Footman |
| 4:51 | Lumber Mill |
| 4:52 | Arcane Vault |
| 5:04 | Blacksmith |
| 5:38 | Scroll of Regeneration |
| 5:44 | Lesser Clarity Potion |
| 6:01 | Rifleman |
| 6:34 | Farm |
| 6:46 | Altar of Kings |
| 6:51 | Rifleman |
| 7:12 | Scout Tower |
| 7:13 | Scout Tower |
| 7:22 | Long Rifles |
| 7:35 | Guard Tower |
| 7:41 | Farm |
| 8:22 | Rifleman |
| 8:24 | Rifleman |
| 8:56 | Brilliance Aura |
| 9:00 | Peasant |
| 9:01 | Peasant |
| 9:05 | Scout Tower |
| 9:31 | Guard Tower |
| 9:37 | Scout Tower |
| 10:11 | Farm |
| 10:13 | Guard Tower |
| Right click | 593 |
| Select | 261 |
| Select group | 146 |
| Build/train/purchase | 51 |
| Assign group | 42 |
| Misc. action | 5 |
| Use ability | 2 |
| Minimap ping | 2 |
| Remove unit | 1 |
⇛